 Dungeon Crawl Stone Soup version 0.21.1-1-g345015fe64 (webtiles) character file.

11612 Oravi the Martial Artist (level 11, -26/86 HPs)
             Began as a Merfolk Transmuter on May 29, 2018.
             Was the Champion of Okawaru.
             Killed from afar by an ice dragon (50 damage)
             ... with a blast of cold
             ... on level 11 of the Dungeon.
             The game lasted 00:32:53 (12032 turns).

Oravi the Martial Artist (Merfolk Transmuter)      Turns: 12032, Time: 00:32:54

Health: -26/86     AC:  2    Str: 11    XL:     11   Next: 80%
Magic:  26/26      EV: 35    Int: 16    God:    Okawaru [******]
Gold:   491        SH:  0    Dex: 19    Spells: 3/18 levels left

rFire    . . .     SeeInvis .     - Unarmed
rCold    . . .     Gourm    .   (shield currently unavailable)
rNeg     . . .     Faith    .   (armour currently unavailable)
rPois    x         Spirit   .   (helmet currently unavailable)
rElec    .         Reflect  .   (cloak currently unavailable)
rCorr    .         Harm     .   (gloves currently unavailable)
MR       .....                  (boots currently unavailable)
Stlth    +++.......             (no amulet)
HPRegen  0.24/turn              k - ring of magical power
MPRegen  0.20/turn              I - ring of flight

@: spider-form, heroism
A: tiny, (change form in water), (swift swim), (stealthy swim)
a: End Transformation, Heroism, Finesse, Renounce Religion, Evoke Flight


You were on level 11 of the Dungeon.
You worshipped Okawaru.
Okawaru was exalted by your worship.
You were not hungry.
You were a venomous arachnid creature.
You visited 1 branch of the dungeon, and saw 11 of its levels.

You collected 491 gold pieces.

Inventory:

Missiles
 a - 162 arrows
Armour
 b - a +0 robe (melded)
 r - a +0 helmet
Magical Staves
 L - an uncursed staff of energy (melded)
Jewellery
 k - a ring of magical power (left front leg)
 I - a ring of flight (right front leg)
Wands
 g - a wand of polymorph (11)
 t - a wand of disintegration (7)
 u - a wand of random effects (77)
 F - a wand of acid (8)
Scrolls
 e - a scroll of magic mapping
 f - 3 scrolls of enchant weapon
 j - 4 scrolls of enchant armour
 m - a scroll of fear
 o - 3 scrolls of teleportation
 q - 2 scrolls of remove curse
 s - a scroll of fog
 w - a scroll of blinking
 A - a scroll of amnesia
 C - 2 scrolls of holy word
 K - 2 scrolls of summoning {unknown}
Potions
 h - 3 potions of agility
 i - a potion of curing
 l - 3 potions of mutation
 n - 5 potions of flight
 p - a potion of ambrosia
 x - 2 potions of berserk rage
 B - a potion of resistance
 D - a potion of magic
 G - 2 potions of cancellation
 H - 2 potions of might
 J - 2 potions of brilliance
Books
 c - a book of Changes

   Spells                             Type                      Level
   a - Beastly Appendage              Transmutation                1
   b - Sticks to Snakes               Transmutation                2
   c - Spider Form                    Transmutation/Poison         3
   d - Ice Form                       Ice/Transmutation            4
   e - Blade Hands                    Transmutation                5
 y - a book of Flames

   Spells                             Type                      Level
   a - Flame Tongue                   Conjuration/Fire             1
   b - Throw Flame                    Conjuration/Fire             2
   c - Conjure Flame                  Conjuration/Fire             3
   d - Inner Flame                    Hexes/Fire                   3
   e - Sticky Flame                   Conjuration/Fire             4
   f - Fireball                       Conjuration/Fire             5
 E - a book of Minor Magic

   Spells                             Type                      Level
   a - Magic Dart                     Conjuration                  1
   b - Blink                          Translocation                2
   c - Call Imp                       Summoning                    2
   d - Slow                           Hexes                        2
   e - Conjure Flame                  Conjuration/Fire             3
   f - Mephitic Cloud                 Conjuration/Poison/Air       3
Comestibles
 d - 17 rations


   Skills:
 - Level 8.0(13.0) Fighting
 - Level 9.8(14.8) Dodging
 - Level 11.5(16.5) Unarmed Combat
 - Level 4.0 Spellcasting
 - Level 10.1 Transmutations
 + Level 3.4 Ice Magic
 - Level 3.6 Poison Magic
 - Level 6.5 Invocations


You had 3 spell levels left.
You knew the following spells:

 Your Spells              Type           Power        Failure   Level  Hunger
a - Spider Form           Tmut/Pois      ####......   11%         3    ###....
b - Sticks to Snakes      Tmut           #####...     3%          2    ##.....
c - Beastly Appendage     Tmut           #####.       2%          1    None
d - Ice Form              Ice/Tmut       ###.....     26%         4    ####...
e - Blade Hands           Tmut           #####.....   21%         5    ######.


Dungeon Overview and Level Annotations

Branches:
Dungeon (11/15)            Temple (0/1) D:7            Lair (0/6) D:9
    Orc: D:9-12

Altars:
Cheibriados
Dithmenos
Gozag
Hepliaklqana
Kikubaaqudgha
Nemelex Xobeh
Okawaru
Trog
Yredelemnul
Zin
The Shining One

Portals:
Ice
Cave: D:11

Annotations:
D:3 Ingvold's ghost, amateur MiFi
D:4 1 runed door, Ingvold's ghost, amateur TrMo


Message History

The ice dragon is lightly wounded.
The ice dragon breathes frost at you. The blast of cold hits you!
* * * LOW HITPOINT WARNING * * *
All of the chunks of flesh in your inventory have rotted away.
You bite the ice dragon!
The ice dragon is moderately wounded.
The ice dragon misses you. The ice dragon claws you.
* * * LOW HITPOINT WARNING * * *
The ice dragon closely misses you.
You feel better.
The ice dragon completely misses you. x2
The ice dragon tramples you.
* * * LOW HITPOINT WARNING * * *
You stumble backwards!
You feel better. The ice dragon barely misses you.
The ice dragon misses you. x2
You feel better. The ice dragon breathes frost at you.
The blast of cold hits you!
Ouch! That really hurt!
You die...

# .###
########+#...
#......>..#
#......<..#
#..####s###
##D## #.##
##†# .# ..
.## .. ..


You could see an ice dragon.

Vanquished Creatures
  Erica (D:8)
  3 two-headed ogres
  2 polar bears (D:11)
  Prince Ribbit (D:8)
  5 hippogriffs
  Sigmund (D:3)
  A wraith (D:10)
  2 hungry ghosts (D:9)
  10 yaks
  Edmund (D:6)
  2 water moccasins
  A porcupine (D:9)
  4 orc warriors
  An ice beast (D:5)
  3 sky beasts
  5 phantoms
  3 ogres
  2 wolves (D:11)
  4 centaurs
  2 big kobolds
  A crocodile (D:8)
  6 bullfrogs
  3 wyvern skeletons
  10 killer bees
  A scorpion (D:6)
  3 howler monkeys
  5 crimson imps
  A bullfrog zombie (D:8)
  2 quasits
  A centaur zombie (D:8)
  3 bullfrog skeletons
  2 centaur skeletons
  8 hounds
  4 jellies
  4 orc priests
  8 orc wizards
  2 iguanas
  Ijyb (D:5)
  5 worker ants
  3 hound skeletons
  3 gnolls (D:3)
  11 adders
  A shadow imp (D:6)
  3 oozes
  2 worms
  A dart slug (D:2)
  9 leopard geckos
  25 orcs
  4 bats
  6 giant cockroaches
  5 goblins
  7 hobgoblins
  5 jackals
  13 kobolds
  2 quokkas
  7 ball pythons
  5 frilled lizards
  A leopard gecko skeleton (D:6)
  A quokka zombie (D:8)
  5 rats
  A fungus (D:9)
244 creatures vanquished.

Vanquished Creatures (collateral kills)
  Joseph (D:8)
  A centaur skeleton (D:8)
2 creatures vanquished.

Vanquished Creatures (others)
  A fungus (D:4)
1 creature vanquished.

Grand Total: 247 creatures vanquished

Notes
Turn   | Place    | Note
-------+----------+-------------------------------------------
     0 | D:1      | Oravi the Merfolk Transmuter began the quest for the Orb.
     0 | D:1      | Reached XP level 1. HP: 15/15 MP: 3/3
   163 | D:1      | Reached XP level 2. HP: 19/21 MP: 3/5
   919 | D:1      | Reached XP level 3. HP: 22/26 MP: 4/6
   923 | D:1      | Learned a level 2 spell: Sticks to Snakes
   927 | D:1      | Learned a level 3 spell: Spider Form
  1158 | D:2      | Found a glowing golden altar of the Shining One.
  1158 | D:2      | Found a glowing silver altar of Zin.
  1357 | D:2      | Reached skill level 1 in Poison Magic
  1620 | D:3      | Noticed Ingvold's ghost (amateur MiFi)
  1976 | D:3      | Reached skill level 5 in Transmutations
  2116 | D:3      | Reached XP level 4. HP: 20/32 MP: 3/7
  2221 | D:3      | Noticed Sigmund
  2235 | D:3      | Killed Sigmund
  2235 | D:3      | Reached XP level 5. HP: 29/37 MP: 1/8
  2235 | D:3      | Reached XP level 6. HP: 34/43 MP: 1/9
  3500 | D:4      | Found an iron altar of Okawaru.
  3511 | D:4      | HP: 1/44 [orc priest/divine providence (15)]
  3824 | D:4      | Reached skill level 4 in Unarmed Combat
  4036 | D:4      | Became a worshipper of Warmaster Okawaru
  4068 | D:4      | Reached XP level 7. HP: 46/50 MP: 5/10
  4125 | D:4      | Noticed Ingvold's ghost (amateur TrMo)
  4277 | D:4      | Found an ancient bone altar of Kikubaaqudgha.
  4344 | D:4      | Found a runed door.
  5136 | D:5      | Entered Level 5 of the Dungeon
  5181 | D:5      | Reached skill level 5 in Unarmed Combat
  5400 | D:5      | Reached * piety under Okawaru
  5400 | D:5      | Reached skill level 5 in Dodging
  5511 | D:5      | Reached skill level 6 in Unarmed Combat
  5511 | D:5      | Reached XP level 8. HP: 39/59 MP: 5/11
  5616 | D:5      | Noticed Ijyb
  5628 | D:5      | Killed Ijyb
  6351 | D:5      | Found a sparkling altar of Nemelex Xobeh.
  6518 | D:6      | Reached skill level 1 in Invocations
  6558 | D:6      | Noticed a two-headed ogre
  6569 | D:6      | Killed a two-headed ogre
  6569 | D:6      | Reached ** piety under Okawaru
  6569 | D:6      | Reached skill level 5 in Fighting
  6569 | D:6      | Reached skill level 8 in Unarmed Combat
  6569 | D:6      | Reached XP level 9. HP: 57/68 MP: 7/12
  6833 | D:6      | Found a bloodstained altar of Trog.
  6865 | D:6      | Found a bloodstained altar of Trog.
  6903 | D:6      | Noticed Edmund
  6919 | D:6      | Killed Edmund
  7270 | D:7      | Reached skill level 9 in Unarmed Combat
  7282 | D:7      | Found a basalt altar of Yredelemnul.
  7291 | D:7      | Reached *** piety under Okawaru
  7618 | D:7      | Reached XP level 10. HP: 69/77 MP: 11/13
  7679 | D:7      | Found a shadowy altar of Dithmenos.
  7788 | D:7      | Found a staircase to the Ecumenical Temple.
  7833 | D:7      | Found an opulent altar of Gozag.
  7895 | D:7      | Reached skill level 5 in Invocations
  8329 | D:8      | Reached skill level 10 in Unarmed Combat
  8388 | D:8      | Noticed Joseph
  8404 | D:8      | Killed Joseph
  8404 | D:8      | Reached **** piety under Okawaru
  8707 | D:8      | Noticed Prince Ribbit
  8716 | D:8      | Killed Prince Ribbit
  8790 | D:8      | Found a hazy altar of Hepliaklqana.
  8980 | D:8      | Noticed Erica
  8993 | D:8      | Killed Erica
  8993 | D:8      | Reached ***** piety under Okawaru
  8993 | D:8      | Reached skill level 11 in Unarmed Combat
  9566 | D:9      | Reached XP level 11. HP: 59/85 MP: 15/15
  9735 | D:9      | Found a snail-covered altar of Cheibriados.
  9848 | D:9      | You fall through a shaft!
  9848 | D:10     | Entered Level 10 of the Dungeon
 10131 | D:9      | Noticed a two-headed ogre
 10139 | D:9      | Killed a two-headed ogre
 10300 | D:9      | Learned a level 4 spell: Ice Form
 10306 | D:9      | Learned a level 5 spell: Blade Hands
 10425 | D:9      | Found a staircase to the Lair.
 10460 | D:9      | Found a sparkling altar of Nemelex Xobeh.
 11104 | D:10     | Noticed a two-headed ogre
 11131 | D:9      | Killed a two-headed ogre
 11131 | D:9      | Reached ****** piety under Okawaru
 11398 | D:10     | Received a gift from Okawaru
 11623 | D:10     | Reached skill level 10 in Transmutations
 11983 | D:11     | Found a frozen archway.
 11988 | D:11     | Noticed an ice dragon
 11993 | D:11     | Reached skill level 1 in Ice Magic
 12029 | D:11     | HP: 2/86 [ice dragon (5)]
 12032 | D:11     | Killed from afar by an ice dragon

Skill      XL: |  1  2  3  4  5  6  7  8  9 10 11 |
---------------+----------------------------------+-----
Transmutations | 3 4 5 6 10 | 10.1
Poison Magic   | 2 3 |  3.6
Dodging        | 3 5 6 8 9 |  9.8
Unarmed Combat | 4 6 8 9 11 | 11.5
Fighting       | 2 3 5 6 7 8 |  8.0
Invocations    | 3 4 6 |  6.5
Spellcasting   | 4 |  4.0
Ice Magic      | 3 |  3.4

Action                   |  1- 3 |  4- 6 |  7- 9 | 10-12 || total
-------------------------+-------+-------+-------+-------++-------
Melee: Unarmed           |   102 |    99 |   258 |   419 ||   878
       Headbutt          |     8 |       |       |       ||     8
       Staff             |       |       |       |     1 ||     1
 Cast: Beastly Appendage |    12 |       |       |       ||    12
       Spider Form       |    10 |    17 |    34 |    45 ||   106
       Sticks to Snakes  |       |     5 |       |     4 ||     9
Invok: Heroism           |       |       |     5 |     9 ||    14
  Use: Scroll            |    10 |       |       |    15 ||    25
       Potion            |       |       |       |     4 ||     4
 Stab: Sleeping          |       |     2 |     1 |     2 ||     5
  Eat: Chunk             |     4 |     7 |    16 |    20 ||    47
       Ration            |       |     1 |       |       ||     1
Armor: Robe              |    15 |       |       |     2 ||    17
       Skin              |     5 |     8 |     7 |    14 ||    34
Dodge: Dodged            |    93 |    71 |   240 |   490 ||   894
